[Event "*** Titled Tuesday 3|2 Blitz"]
[Site "Chess.com"]
[Date "2017.05.02"]
[Round "1"]
[White "vpantev"]
[Black "DavidForthoffer"]
[Result "1-0"]
[WhiteElo "2460"]
[BlackElo "2094"]
[TimeControl "180+2"]
[EndTime "13:07:28 PDT"]
[Termination "vpantev won by resignation"]

1. d4 c6 2. Nf3 d5 3. c4 Nf6 4.
Qb3 e6 5. Bf4 Bd6 6. Bg3 O-O 7.
e3 Bxg3 8. hxg3 Ne4 9. Nc3 f5 10. Bd3 Nd7 11. Rc1 Ndf6 12. Ne2 Bd7 13. Nf4 Qa5+ 14. Kf1 Nd2+ 15. Nxd2 Qxd2 16. Qc2 Qxc2 17. Rxc2 g6 18. Be2 Kg7 19. Nd3 Be8 20. Ne5 Nd7 21. Nd3 h6 22. f3 g5 23. Kf2 Bg6 24. f4 g4 25. Ne5 Nxe5 26. dxe5 Be8 27. cxd5 cxd5 28.
Rc7+ Rf7 29. Rhc1 Rd8 30. Rc8 Rxc8 31. Rxc8 Bc6 32. b4 a6 33. Ke1 Kg6 34. Kd2 Rh7 35. Rb8 h5 36. Rg8+ Kf7 37. Rb8 Ke7 38. a4 Kd7 39. b5 Kc7 40. Rf8 axb5 41. axb5 Bd7 42. Kc3 Kb6 43. Rf6 h4 44. gxh4 Rxh4 45. Rf7 Bc8 46.
Kd2 Rh2 47. Bf1 Rh1 48. Ke1 Rh8 49. Kf2 Rd8 50. Kg3 Kc5 51. Rc7+ Kb4 52. Kf2 Ka5 53. Bd3 Kb6 54. Rf7 Rd7 55. Rf6 Rc7 56. Bxf5 Kxb5 57. Bxe6 Bxe6 58. Rxe6 Kc5 59. Re8 b5 60. Rb8 b4 61. f5 d4 62. exd4+ Kxd4 63. e6 Ke5 64. Rb5+ Kf6 65. Kg3 Rc2 66. Kxg4 Rxg2+ 67. Kf3 Rg1 68. Ke4 Re1+ 69. Kd3 Rc1 70. Rb8 Kxf5 71. e7 Rd1+ 72.
Kc2 1-0

[Event "*** Titled Tuesday 3|2 Blitz"]
[Site "Chess.com"]
[Date "2017.05.02"]
[Round "1"]
[White "gmjoey1"]
[Black "DiogenesSinopeus"]
[Result "1-0"]
[WhiteElo "2507"]
[BlackElo "2208"]
[TimeControl "180+2"]
[EndTime "13:07:30 PDT"]
[Termination "gmjoey1 won by resignation"]

1. e4 e5 2. Nf3 Nc6 3. Nc3 Nf6 4. Bb5 Bb4 5. O-O O-O 6. d3 d6 7. Bg5 Bxc3 8. bxc3 Qe7 9. Re1 Nd8 10. d4 Ne6 11.
Bc1 c5 12. a4 Rd8 13. d5 Nf8 14. Nd2 Ng6 15. g3 Rf8 16. Bf1 h6 17. Nc4 Nh7 18. f4 f5 19. fxe5 Nxe5 20. Nxe5 Qxe5 21.
Bf4 Qf6 22. e5 dxe5 23. Bxe5 Qg6 24. d6 Be6 25. Bf4 Rad8 26. Bg2 Bc8 27. Re7 Kh8 28. Qd5 Rfe8 29. Rae1 Nf6 30. Qxc5 Nh5 31. Qe5 Bd7 32. Bxb7 Nxf4 33. Qxf4 Rxe7 34. dxe7 Re8 35. Bg2 Qf6 36. Qe5 Kg8 37. Bd5+ Kh7 38. Qxf6 gxf6 39. Bf7 1-0

[Event "*** Titled Tuesday 3|2 Blitz"]
[Site "Chess.com"]
[Date "2017.05.02"]
[Round "1"]
[White "Gordima"]
[Black "IMVoja"]
[Result "1-0"]
[WhiteElo "2605"]
[BlackElo "2329"]
[TimeControl "180+2"]
[EndTime "13:07:33 PDT"]
[Termination "Gordima won by checkmate"]

1. d4 Nf6 2. Nf3 d6 3. g3 g6 4. Bg2 Bg7 5. O-O O-O 6. c4 Nbd7 7. Nc3 e5 8. h3 c6 9. e4 Re8 10. Be3 exd4 11. Nxd4 Nc5 12. Qc2 a5 13. Rad1 Qb6 14. Nb3 Qb4 15. Nxc5 dxc5 16. Na4 Be6 17. b3 Nd7 18.
Bd2 Qa3 19. Bc1 Qb4 20. a3 b5 21. axb4 axb4 22. cxb5 cxb5 23. Nxc5 Rac8 24. Be3 Bf8 25.
Nxd7 Rxc2 26. Nf6+ Kh8 27. Nxe8 Bxb3 28. Rd8 Kg8 29.
Bd4 f6 30. Nxf6+ Kf7 31. Rd7+ Ke6 32. h4 Be7 33. Bh3+ Kf7 34. Nd5 Bxd5 35. exd5 Ke8 36. d6 Bxd6 37. Re1+ Kf8 38. Bg7+ Kg8 39. Be6# 1-0

[Event "*** Titled Tuesday 3|2 Blitz"]
[Site "Chess.com"]
[Date "2017.05.02"]
[Round "1"]
[White "pedroholly22"]
[Black "gmcorrales"]
[Result "0-1"]
[WhiteElo "2280"]
[BlackElo "2559"]
[TimeControl "180+2"]
[EndTime "13:07:34 PDT"]
[Termination "gmcorrales won on time"]

1. d4 Nf6 2. c4 e6 3. Nf3 Bb4+ 4. Bd2 c5 5. g3 O-O 6. Bg2 Nc6 7. O-O Bxd2 8. Qxd2 b6 9. Ne5 cxd4 10. Bxc6 dxc6 11.
Nxc6 Qc7 12. Nxd4 e5 13. Nf3 e4 14. Nd4 Rd8 15. e3 Bh3 16. Rc1 Ng4 17. Qe2 Ne5 18.
Nc3 Bg4 19. Qf1 Nf3+ 20. Nxf3 Bxf3 21. Nd5 Qe5 22. b4 Rd6 23. Qh3 Rh6 24. Qd7 Rf8 25.
Nf4 g5 26. Nd5 g4 27. Qe7 Qf5 28. Qh4 Kg7 29. Qe7 Re8 30. Qxe8 Rxh2 0-1

[Event "*** Titled Tuesday 3|2 Blitz"]
[Site "Chess.com"]
[Date "2017.05.02"]
[Round "1"]
[White "TheNextLevelFan"]
[Black "Konavets"]
[Result "1/2-1/2"]
[WhiteElo "2393"]
[BlackElo "2676"]
[TimeControl "180+2"]
[EndTime "13:07:36 PDT"]
[Termination "Game drawn by repetition"]

1. d4 d5 2. c4 e6 3. Nf3 Be7 4. Nc3 Nf6 5. Bf4 O-O 6. e3 Nbd7 7. Rc1 c6 8. Bd3 dxc4 9. Bxc4 b5 10. Bd3 Bb7 11. O-O a6 12. a4 Qb6 13. Ne5 Rfd8 14.
Qe2 b4 15. Nc4 Qa7 16. Ne4 c5 17. Ned6 cxd4 18. exd4 Bd5 19. Rfd1 Nf8 20. a5 Ng6 21. Bg3 Bxc4 22. Nxc4 Rxd4 23. Nb6 Nd5 24. Bxg6 Rxd1+ 25. Rxd1 hxg6 26. Nxa8 Qxa8 27. Qc4 Bf6 28. b3 Kh7 29. h3 Qb7 30. Rd3 Bd8 31. Qc5 Be7 32. Bd6 Nf4 33.
Rf3 Ne2+ 34. Kf1 Bxd6 35. Qxd6 Nc3 36. Kg1 Qe4 37. Kh2 Qb1 38. Rf4 g5 39. Rxf7 Ne2 40. Rxg7+ Kxg7 41. Qe7+ Kh8 42. Qf8+ Kh7 43. Qf7+ Kh8 44.
Qf8+ Kh7 45. Qf7+ Kh8 46. Qf8+ Kh7 47. Qf7+ 1/2-1/2

[Event "*** Titled Tuesday 3|2 Blitz"]
[Site "Chess.com"]
[Date "2017.05.02"]
[Round "1"]
[White "LawrenceTrent"]
[Black "Hikaru"]
[Result "1-0"]
[WhiteElo "2418"]
[BlackElo "2867"]
[TimeControl "180+2"]
[EndTime "13:07:43 PDT"]
[Termination "LawrenceTrent won by checkmate"]

1. e4 e5 2. Nf3 Nc6 3. Bb5 Nf6 4. O-O Nxe4 5. Qe2 Nd6 6. Bxc6 dxc6 7. Qxe5+ Qe7 8.
Qa5 Qd8 9. Qe5+ Qe7 10. Qa5 Be6 11.
Re1 g6 12. Qc3 Rg8 13. d3 Bg7 14. Qb4 h6 15. Nc3 O-O-O 16. Be3 b6 17. Qa4 Kb7 18. Nd4 Qd7 19. Nxe6 fxe6 20. Bd4 Nf5 21. Bxg7 Rxg7 22. Ne4 g5 23. Qb3 Qd5 24. Nc3 Qxb3 25. axb3 Nd4 26.
Rac1 a5 27. Re4 c5 28. Ne2 Rg6 29. Nxd4 cxd4 30. Rce1 Rd6 31. f4 gxf4 32. Rxf4 Rc6 33.
Re2 e5 34. Rfe4 Rg5 35. h4 Rf5 36. g4 Rf3 37. Kg2 Rf7 38. Rxe5 Rg6 39. R5e4 Rd7 40. Rf2 Rc6 41. Kg3 Rd5 42. Ree2 Rdc5 43. Rg2 Rg6 44. Kh3 Ka6 45. Re4 Rd5 46. Rf4 Re6 47.
g5 hxg5 48. hxg5 Rg6 49. Kh4 Rd8 50. Rf6 Rh8+ 51. Kg4 Rg7 52. g6 Kb7 53. Kf5 Rh5+ 54. Rg5 Rh2 55. Rf7 Rf2+ 56. Ke6 Rfxf7 57. gxf7 Rxg5 58.
f8=Q Rc5 59. Qf3+ Kc8 60. Qa8# 1-0

[Event "*** Titled Tuesday 3|2 Blitz"]
[Site "Chess.com"]
[Date "2017.05.02"]
[Round "1"]
[White "Quiet_Desperation"]
[Black "Malev212"]
[Result "0-1"]
[WhiteElo "2164"]
[BlackElo "2486"]
[TimeControl "180+2"]
[EndTime "13:07:48 PDT"]
[Termination "Malev212 won by resignation"]

1. e4 g6 2. d4 Bg7 3. Nc3 c6 4. Nf3 d5 5. h3 Nh6 6. Bf4 f6 7. Qd2 Nf7 8. O-O-O O-O 9. h4 Bg4 10. exd5 cxd5 11. Be2 Nc6 12. Kb1 Rc8 13. Nh2 Bxe2 14. Qxe2 Na5 15. Rhe1 Rxc3 16. bxc3 e5 17. dxe5 fxe5 18.
Be3 Qd7 19. Bc5 Rc8 20. Bb4 Nc4 21. Qd3 a5 22. Qxd5 Qxd5 23. Rxd5 axb4 24. cxb4 Na3+ 25.
Kb2 Nxc2 26. Rc1 e4+ 27. Kb3 Rc3+ 28. Ka4 Ra3+ 29. Kb5 Rxa2 30. Rc5 Na3+ 31. Kb6 Bd4 32.
Kxb7 Bxc5 33. bxc5 Rxf2 34. c6 Nb5 35. Ng4 Kg7 36.
Rc5 Rb2 37. Ka6 Nc7+ 38. Ka5 Rxg2 39. Ne3 Rb2 40. Nd5 Nxd5 41. Rxd5 Rc2 42. Kb6 e3 43. Rd7 Kf6 44. c7 e2 0-1

[Event "*** Titled Tuesday 3|2 Blitz"]
[Site "Chess.com"]
[Date "2017.05.02"]
[Round "1"]
[White "FelixBlohberger"]
[Black "NewBornNow"]
[Result "0-1"]
[WhiteElo "2256"]
[BlackElo "2538"]
[TimeControl "180+2"]
[EndTime "13:07:59 PDT"]
[Termination "NewBornNow won on time"]

1. c4 e5 2. Nc3 Bb4 3. Qc2 Nf6 4. Nf3 Nc6 5. e3 a5 6. Nd5 h6 7. a3 Be7 8. b3 d6 9. Bb2 Be6 10. Nc3 O-O 11. Be2 d5 12. cxd5 Nxd5 13. Ne4 Bd6 14. Nc5 Bxc5 15. Qxc5 e4 16. Nd4 Nxd4 17. Qxd4 Nf6 18.
Bc4 Qe7 19. O-O Rfd8 20. Qe5 Rxd2 21. Bd4 Qd6 22. Bxe6 Qxe5 23. Bxf7+ Kxf7 24. Bxe5 c6 25. Rfd1 Rad8 26. Rxd2 Rxd2 27. Bc3 Rd3 28. Bxa5 Rxb3 29. Kf1 Nd5 30. a4 Rb2 31. Be1 Ke6 32. a5 c5 33.
Ra4 Nb4 34. Bxb4 cxb4 35. a6 bxa6 36. Rxa6+ Kd5 37. Ra5+ Kc4 38. Re5 b3 39. Rxe4+ Kc3 40. Re7 Ra2 41. Rc7+ Kd3 42. Rd7+ Kc4 43. Rc7+ Kd5 44.
Rxg7 b2 45. Rd7+ Kc6 46. Rd1 Ra1 0-1

[Event "*** Titled Tuesday 3|2 Blitz"]
[Site "Chess.com"]
[Date "2017.05.02"]
[Round "1"]
[White "GameOverBro"]
[Black "wonderfultime"]
[Result "0-1"]
[WhiteElo "2312"]
[BlackElo "2580"]
[TimeControl "180+2"]
[EndTime "13:08:03 PDT"]
[Termination "wonderfultime won by resignation"]

1. e4 c5 2. Ne2 d6 3. g3 g6 4.
c3 Bg7 5. d4 cxd4 6. cxd4 Nc6 7. Nbc3 Qb6 8. Nd5 Qa5+ 9. Bd2 Qd8 10. Be3 Nf6 11. Nxf6+ Bxf6 12. Bg2 O-O 13. O-O Bg4 14. f3 Bd7 15. Qd2 Rc8 16. Rac1 Re8 17. Nf4 Bg7 18. Nd5 Be6 19. Nc3 Bd7 20. f4 Qa5 21.
Rfd1 Bg4 22. Re1 Qh5 23. d5 Na5 24. Bxa7 Nc4 25. Qf2 Ra8 26. Nb5 Nxb2 27. Rc2 Nd3 28. Qe3 Nxe1 29. Qxe1 Rec8 30. Qc1 Rxc2 31. Qxc2 Bd7 32.
Bd4 Bxb5 33. Bxg7 Qe2 34. Qc3 Qd1+ 35. Kf2 Rxa2+ 36. Ke3 Qg1+ 0-1

[Event "*** Titled Tuesday 3|2 Blitz"]
[Site "Chess.com"]
[Date "2017.05.02"]
[Round "1"]
[White "Vrolijk"]
[Black "IIIlllII1llIl"]
[Result "1-0"]
[WhiteElo "2311"]
[BlackElo "2550"]
[TimeControl "180+2"]
[EndTime "13:08:05 PDT"]
[Termination "Vrolijk won by resignation"]

1. d4 c5 2. d5 e6 3. c4 exd5 4. cxd5 d6 5. Nc3 g6 6. Nf3 Nf6 7. Bf4 Bg7 8. Qa4+ Bd7 9. Qb3 b5 10. Bxd6 Qb6 11. Be5 O-O 12. e3 c4 13. Qc2 b4 14.
Nd1 Rc8 15. Bxc4 Bb5 16. b3 Bxc4 17. bxc4 Nxd5 18. Bxg7 Kxg7 19. O-O Nd7 20. Rb1 a5 21. Nb2 Nc3 22. Na4 Nxa4 23. Qxa4 Qc6 24. Qd1 Nb6 25. Qd4+ Qf6 26. c5 Na4 27. Rbc1 Nc3 28. Rc2 Rd8 29.
Qxf6+ Kxf6 30. Nd4 Rac8 31. c6 Ke5 32. f3 Rxd4 33.
exd4+ Kxd4 34. Rd2+ Kc4 35. Re1 Rxc6 36. Re7 a4 37. Rxf7 a3 38. Rxh7 Nb1 39. Rh4+ Kb5 40. Rdd4 b3 41. Rb4+ Ka5 42. Rxb3 Rc1+ 43. Kf2 g5 44. Rh8 Rc2+ 45. Kg3 1-0

[Event "*** Titled Tuesday 3|2 Blitz"]
[Site "Chess.com"]
[Date "2017.05.02"]
[Round "1"]
[White "Boryboy"]
[Black "Rikikits"]
[Result "0-1"]
[WhiteElo "2302"]
[BlackElo "2573"]
[TimeControl "180+2"]
[EndTime "13:08:11 PDT"]
[Termination "Rikikits won by checkmate"]

1. d4 Nf6 2. Nf3 e6 3. g3 b5 4. Bg2 Bb7 5. O-O Be7 6. a4 b4 7.
c4 O-O 8. Qc2 Na6 9. b3 d6 10. Bb2 Be4 11. Qc1 c5 12. Nbd2 Bg6 13.
Rd1 Qc7 14. Nh4 Rad8 15. Nxg6 hxg6 16. Qc2 cxd4 17. Bxd4 Nc5 18. Ne4 Nfxe4 19. Bxe4 Bf6 20. Bf3 a5 21. Kg2 Rfe8 22. e3 Rd7 23. h4 Red8 24.
h5 gxh5 25. Rh1 e5 26. Bxc5 dxc5 27. Bd5 Rxd5 28. cxd5 g6 29. e4 Be7 30. Qc4 Bd6 31.
Rad1 Kg7 32. Rd3 Rb8 33. Rf3 Rb6 34. Rh4 Be7 35. d6 Bxd6 36. g4 Qe7 37. Rfh3 Qg5 38.
Kf1 Be7 39. gxh5 Rd6 40. h6+ Kh8 41. f4 Rd1+ 42. Ke2 Qg1 43. Rh1 Re1+ 44. Kd2 Qf2+ 45. Kd3 Re3# 0-1

[Event "*** Titled Tuesday 3|2 Blitz"]
[Site "Chess.com"]
[Date "2017.05.02"]
[Round "1"]
[White "Aygehovit1992"]
[Black "stepanosinovsky"]
[Result "1-0"]
[WhiteElo "2510"]
[BlackElo "2220"]
[TimeControl "180+2"]
[EndTime "13:08:13 PDT"]
[Termination "Aygehovit1992 won by resignation"]

1. c4 Nf6 2. Nc3 g6 3. e4 d6 4. d4 Bg7 5. Nf3 O-O 6. Be2 e5 7. O-O Nc6 8. d5 Ne7 9. Kh1 Nh5 10. Ng1 Nf4 11. Bf3 h5 12. g3 Nh3 13. Nxh3 Bxh3 14.
Bg2 Qd7 15. Bg5 f6 16. Be3 Kf7 17. c5 Rh8 18. Qa4 h4 19. Qxd7 Bxd7 20. Kg1 hxg3 21. fxg3 Bh6 22. Bxh6 Rxh6 23. Rf2 Kg7 24. cxd6 cxd6 25.
Rc1 Rc8 26. Rfc2 f5 27. Nd1 Rhh8 28. Rc7 Kf6 29. R1c3 Rxc7 30. Rxc7 Bc8 31. Nc3 a6 32. b4 Rd8 33. a4 Rd7 34. Rxd7 Bxd7 35. a5 Kg5 36. Kf2 Ng8 37. h4+ Kg4 38. Bf3+ Kh3 39.
Ne2 Nf6 40. exf5 gxf5 41. h5 Ng4+ 42. Bxg4+ fxg4 43. h6 Bf5 44. Nc3 Kh2 45. Nd1 Kh3 46. Ne3 Bd3 47. Nc4 Bh7 48. Nxd6 e4 49. Nxb7 e3+ 50.
Kxe3 Kxg3 51. d6 Kh2 52. d7 g3 53. d8=Q g2 54. Qh4+ 1-0

[Event "*** Titled Tuesday 3|2 Blitz"]
[Site "Chess.com"]
[Date "2017.05.02"]
[Round "1"]
[White "Ez_Chess2016"]
[Black "chessdude"]
[Result "0-1"]
[WhiteElo "1975"]
[BlackElo "2423"]
[TimeControl "180+2"]
[EndTime "13:08:15 PDT"]
[Termination "chessdude won by resignation"]

1. e4 c5 2. Nf3 d6 3. Bb5+ Nd7 4. O-O a6 5. Bd3 Ngf6 6. Re1 e6 7. c3 b5 8. a4 Bb7 9. Bc2 c4 10. axb5 axb5 11. Na3 Nc5 12. Nd4 Bxe4 13. Bxe4 Nfxe4 14. Ndxb5 Be7 15. b4 cxb3 16. d4 O-O 17. dxc5 Nxc5 18.
Be3 d5 19. Bxc5 Bxc5 20. Qxb3 Qb6 21. Qc2 Rfb8 22. h3 Ra5 23. Reb1 Rba8 24. Kh1 Qd8 25.
Rb3 g6 26. c4 d4 27. Qd3 Qe7 28. Ra2 e5 29. f3 f5 30. Kh2 e4 31. fxe4 fxe4 32.
Qg3 Rxb5 33. cxb5 Bd6 34. Qxd6 Qxd6+ 35. Rg3 e3 36. Nc4 Qb8 37. Rxa8 Qxa8 38. b6 Qb8 39. h4 e2 0-1

[Event "*** Titled Tuesday 3|2 Blitz"]
[Site "Chess.com"]
[Date "2017.05.02"]
[Round "1"]
[White "Abdodi"]
[Black "martinique24"]
[Result "0-1"]
[WhiteElo "2072"]
[BlackElo "2445"]
[TimeControl "180+2"]
[EndTime "13:08:23 PDT"]
[Termination "martinique24 won by checkmate"]

1. e4 c5 2. Nf3 d6 3. d3 g6 4. g3 Bg7 5. c3 Nc6 6. Bg2 e5 7. O-O Nge7 8. Na3 O-O 9. Re1 h6 10.
Be3 f5 11. Qc1 g5 12. exf5 Bxf5 13. Qd2 Bg4 14. Qe2 Qd7 15. Nc4 d5 16. Ncd2 d4 17.
cxd4 cxd4 18. Bxg5 hxg5 19. h3 Bxf3 20. Nxf3 Qf5 21.
Nh2 Nb4 22. Bxb7 Rab8 23. Be4 Qxh3 24. a3 Nbd5 25. Rac1 Rb6 26. Bg2 Qf5 27. Rc5 Qd7 28. Qh5 Rxb2 29. Be4 Nf6 30. Qd1 Nxe4 31. Rxe4 Rbxf2 32. Ng4 Qf5 33. Nxf2 Qxf2+ 34. Kh1 Rf6 35. Rexe5 Rh6+ 36. Qh5 Rxh5# 0-1

[Event "*** Titled Tuesday 3|2 Blitz"]
[Site "Chess.com"]
[Date "2017.05.02"]
[Round "1"]
[White "scrapnel"]
[Black "the_drake"]
[Result "1-0"]
[WhiteElo "2504"]
[BlackElo "2201"]
[TimeControl "180+2"]
[EndTime "13:08:26 PDT"]
[Termination "scrapnel won by resignation"]

1. d4 d5 2. Nf3 Nf6 3. c4 c6 4.
Qc2 g6 5. Bf4 Bg7 6. e3 Bf5 7.
Qb3 Qb6 8. Nc3 Qxb3 9. axb3 a6 10. b4 Nbd7 11. b5 dxc4 12. bxc6 bxc6 13. Bxc4 a5 14. Kd2 Nb6 15. Bd3 Bxd3 16. Kxd3 Nfd5 17. Bg3 Kd7 18. Ne4 Nb4+ 19. Ke2 Rhc8 20. Rhc1 e6 21. Be5 Bf8 22. Nf6+ Ke7 23. Nxh7 N6d5 24. e4 f6 25. exd5 fxe5 26. Nxf8 Rxf8 27. Nxe5 Kd6 28.
dxc6 Rf4 29. c7 Rc8 30. Rxa5 Rxd4 31. Rc4 Rd5 32. Rxd5+ Nxd5 33. Nxg6 Nxc7 34. h4 Rb8 35. Rc2 Nb5 36. Rd2+ Kc5 37. Ke3 Nc7 38. Kf4 Nd5+ 39. Kg5 Rg8 40. h5 e5 41. g3 Kd6 42. Rxd5+ Kxd5 43. h6 Ke6 44. h7 Rb8 45. h8=Q Rxh8 46. Nxh8 1-0

[Event "*** Titled Tuesday 3|2 Blitz"]
[Site "Chess.com"]
[Date "2017.05.02"]
[Round "1"]
[White "chessking2151"]
[Black "spectralsoul"]
[Result "0-1"]
[WhiteElo "2347"]
[BlackElo "2655"]
[TimeControl "180+2"]
[EndTime "13:08:30 PDT"]
[Termination "spectralsoul won by resignation"]

1. e4 d6 2. d4 Nf6 3. Nc3 g6 4. f4 Bg7 5. Nf3 O-O 6. Be3 c6 7.
Qd2 b5 8. Bd3 Ng4 9. Bg1 e5 10.
Ne2 exd4 11. Nexd4 Re8 12. O-O-O a6 13. h3 Nh6 14. c3 c5 15. Nc2 Bb7 16. e5 Bxf3 17. gxf3 dxe5 18. fxe5 Qc8 19. Be4 Ra7 20. f4 Rd7 21. Qe2 Rxd1+ 22. Qxd1 f6 23. Bd5+ Kh8 24. e6 Nf5 25. Ne3 Ne7 26. c4 f5 27. Bf2 Nbc6 28.
Bh4 Qc7 29. Bxc6 Nxc6 30. Nd5 Qd6 31. e7 bxc4 32. Re1 Nd4 33. Ne3 Qxf4 34. Qa4 Nb5 35. Qxc4 Qb8 36. Nd5 Nd6 37. Qc2 Ne4 38. Nc3 Qf4+ 39.
Kb1 Nxc3+ 40. bxc3 Qxh4 41. Qb3 Qxe1+ 0-1

[Event "*** Titled Tuesday 3|2 Blitz"]
[Site "Chess.com"]
[Date "2017.05.02"]
[Round "1"]
[White "brauliocuarta"]
[Black "Blitzstream"]
[Result "1/2-1/2"]
[WhiteElo "2101"]
[BlackElo "2442"]
[TimeControl "180+2"]
[EndTime "13:08:31 PDT"]
[Termination "Game drawn by repetition"]

1. d4 Nf6 2. c4 c6 3. Nc3 d5 4. Nf3 e6 5. e3 Nbd7 6. Qc2 Bd6 7.
g4 Nxg4 8. Rg1 f5 9. h3 Ngf6 10. Rxg7 Ne4 11. Bd2 Qf6 12. Rg2 Nf8 13. O-O-O Ng6 14.
Bd3 Bd7 15. Rdg1 Nxc3 16. Bxc3 b5 17. cxb5 cxb5 18. Qb3 b4 19. Bd2 a5 20. a4 bxa3 21. bxa3 O-O 22. Ng5 Rab8 23. Qa2 Ba4 24. Bc3 Rb3 25.
Nxh7 Kxh7 26. Rxg6 Qxg6 27. Rxg6 Kxg6 28. Kd2 Rxa3 29. Qb1 Rb8 30. Qg1+ Kf6 31. h4 Ra2+ 32. Ke1 Ra3 33. Qg5+ Kf7 34. Qh5+ Ke7 35. Qh7+ Kd8 36. Bxa5+ Ke8 37. Qg8+ Kd7 38. Qf7+ Be7 39. Bxf5 Ra1+ 40.
Ke2 exf5 41. Qxd5+ Ke8 42. Qg8+ Bf8 43. Qe6+ Be7 44.
Qg8+ Bf8 45. Qe6+ Be7 46. Qg8+ 1/2-1/2

[Event "*** Titled Tuesday 3|2 Blitz"]
[Site "Chess.com"]
[Date "2017.05.02"]
[Round "1"]
[White "sergiochess83"]
[Black "SerGo055"]
[Result "0-1"]
[WhiteElo "2659"]
[BlackElo "2377"]
[TimeControl "180+2"]
[EndTime "13:08:37 PDT"]
[Termination "SerGo055 won by checkmate"]

1. e4 d5 2. exd5 Nf6 3. d4 Qxd5 4. Nf3 Bg4 5. Be2 Nc6 6. h3 Bh5 7. Nc3 Qd6 8. Nb5 Qd7 9. d5 Bxf3 10. Bxf3 Ne5 11.
Be2 a6 12. Nc3 Rd8 13. Bf4 Ng6 14. Bg3 Nxd5 15. Nxd5 Qxd5 16. Bxc7 Qxd1+ 17. Rxd1 Rc8 18. Bb6 e6 19. c4 Bb4+ 20. Kf1 Bc5 21. Bxc5 Rxc5 22.
b4 Rc7 23. g3 Ke7 24. Kg2 Ne5 25. c5 a5 26. a3 axb4 27. axb4 Ra8 28. Ra1 Rd8 29.
Rhd1 Rxd1 30. Bxd1 Nc6 31. Ra4 Nd4 32. Bf3 Nxf3 33.
Kxf3 Kd7 34. Ke4 Kc6 35. Ra5 Rd7 36. Ra8 f6 37. g4 e5 38. Kf5 Rd4 39. Rc8+ Kd7 40.
Rg8 Rf4# 0-1

[Event "*** Titled Tuesday 3|2 Blitz"]
[Site "Chess.com"]
[Date "2017.05.02"]
[Round "1"]
[White "DryCounty"]
[Black "ItalianMachine"]
[Result "1/2-1/2"]
[WhiteElo "2485"]
[BlackElo "2201"]
[TimeControl "180+2"]
[EndTime "13:08:39 PDT"]
[Termination "Game drawn - insufficient material"]

1. e4 g6 2. d4 Bg7 3. Nf3 c6 4. c3 d5 5. Nbd2 dxe4 6. Nxe4 Nd7 7. h3 Ngf6 8. Nxf6+ Nxf6 9. Bc4 O-O 10. O-O Ne4 11. Re1 Nd6 12. Bb3 Bf5 13. Bg5 Re8 14.
Qe2 Bf6 15. Bxf6 exf6 16. Qd2 Ne4 17. Qf4 Qb8 18. Qxb8 Raxb8 19. Re3 Nd6 20. Rae1 Rxe3 21. Rxe3 Re8 22. Rxe8+ Nxe8 23. Nd2 Nd6 24. f3 Kf8 25. Kf2 Ke7 26. Bd1 Bd3 27. Be2 Bxe2 28. Kxe2 Ke6 29. Kd3 Nf5 30. g4 Nd6 31. c4 f5 32. c5 Ne8 33. g5 f6 34. h4 Nc7 35. Nc4 Nd5 36.
Na5 Nf4+ 37. Kd2 Ng2 38. Nxb7 Nxh4 39. gxf6 Nxf3+ 40. Ke3 Ng5 41. Nd8+ Kxf6 42. Nxc6 h5 43. d5 h4 44. d6 Ke6 45. Nd4+ Kd7 46. Kf2 Ne4+ 47.
Kg2 Nxc5 48. Nf3 h3+ 49. Kxh3 Ne4 50. Ne5+ Kxd6 51. Nxg6 Kc5 52. Ne7 f4 53. Kg4 Nd2 54. Kxf4 Nc4 55. b3 Nd2 56. Nf5 Kb4 57. Nd4 Ka3 58.
Ke3 Nb1 59. Kd3 Kxa2 60. Kc4 Nd2+ 61. Kb4 Nxb3 62. Nxb3 a5+ 63. Kxa5 1/2-1/2

[Event "*** Titled Tuesday 3|2 Blitz"]
[Site "Chess.com"]
[Date "2017.05.02"]
[Round "1"]
[White "djogrodek1"]
[Black "Larax"]
[Result "1-0"]
[WhiteElo "2414"]
[BlackElo "1970"]
[TimeControl "180+2"]
[EndTime "13:08:40 PDT"]
[Termination "djogrodek1 won by checkmate"]

1. e4 e5 2. Nf3 Nc6 3. Bc4 Bc5 4.
O-O Nf6 5. d3 d6 6. c3 O-O 7.
Nbd2 a6 8. Bb3 Ba7 9. h3 Re8 10. Re1 Be6 11. Bc2 h6 12. Nf1 d5 13. Qe2 b5 14.
Ng3 dxe4 15. dxe4 Bc4 16. Qd1 Qxd1 17. Rxd1 Rad8 18. Be3 Bxe3 19. fxe3 g6 20. Kf2 Nd7 21. Nd2 Be6 22. Nb3 a5 23. a4 b4 24. Nf1 Bxb3 25. Bxb3 Nc5 26. Bd5 Ne7 27. cxb4 axb4 28. Kf3 Nxd5 29.
exd5 e4+ 30. Ke2 Nd3 31. Nd2 Nxb2 32. Rdb1 Nd3 33. Nxe4 Rxe4 34. Kxd3 Re5 35. Kc4 Rxe3 36. a5 b3 37. a6 Kf8 38. a7 Ra8 39. Rxb3 Rxb3 40. Kxb3 Ke7 41. Kc4 Kd6 42. Ra6+ Kd7 43. Kc5 Kc8 44. Kc6 f5 45. h4 g5 46. h5 f4 47. Ra4 f3 48. gxf3 Rxa7 49. Rxa7 Kb8 50. Rb7+ Kc8 51. Rxc7+ Kd8 52. Rh7 g4 53. fxg4 Kc8 54. d6 Kd8 55. Rh8# 1-0

[Event "*** Titled Tuesday 3|2 Blitz"]
[Site "Chess.com"]
[Date "2017.05.02"]
[Round "1"]
[White "Storne89"]
[Black "Makalexa"]
[Result "1-0"]
[WhiteElo "2487"]
[BlackElo "2179"]
[TimeControl "180+2"]
[EndTime "13:08:41 PDT"]
[Termination "Storne89 won on time"]

1. e4 e5 2. Nf3 Nc6 3. Bb5 a6 4. Ba4 Nf6 5. d3 b5 6. Bb3 Bb7 7. Nc3 Bc5 8. O-O O-O 9. Bg5 Ne7 10.
Bxf6 gxf6 11. Nh4 Kh8 12. Qh5 d5 13. Kh1 b4 14. Nxd5 Nxd5 15. exd5 Bxd5 16. Bxd5 Qxd5 17. f4 Rae8 18. Rf3 Rg8 19. Raf1 c6 20. Qh6 Re6 21. fxe5 Bf8 22. Qd2 Rxe5 23. b3 Rh5 24. Nf5 a5 25. Ne3 Qe5 26. g3 Bh6 27. Qf2 Qd4 28. Nf5 Qxf2 29.
R1xf2 Bg5 30. h4 Bc1 31. Re2 h6 32. Kg2 Bb2 33. Kh3 1-0

[Event "*** Titled Tuesday 3|2 Blitz"]
[Site "Chess.com"]
[Date "2017.05.02"]
[Round "1"]
[White "Mbneu"]
[Black "Cryptochess"]
[Result "0-1"]
[WhiteElo "2151"]
[BlackElo "2470"]
[TimeControl "180+2"]
[EndTime "13:08:42 PDT"]
[Termination "Cryptochess won by resignation"]

1. d4 Nf6 2. c4 e6 3. Nc3 Bb4 4.
Bg5 h6 5. Bh4 c5 6. dxc5 Nc6 7.
Rc1 Bxc5 8. Nf3 O-O 9. e3 Be7 10. Be2 b6 11. O-O Bb7 12. Nb5 d5 13. cxd5 Nxd5 14.
Bg3 a6 15. Nbd4 Nxd4 16. Nxd4 Bf6 17. Bf3 Rc8 18. Qb3 b5 19. a4 Qb6 20. axb5 Bxd4 21.
exd4 axb5 22. Rfd1 b4 23. h3 Rxc1 24. Rxc1 Qxd4 25. Bd6 Rd8 26. Bxb4 Nxb4 27. Bxb7 Nd3 28. Rf1 Nc5 29. Qb6 Rb8 30. b4 Nb3 31. Qxd4 Nxd4 32.
Rd1 e5 33. Bd5 Rb5 34. Be4 Rxb4 35. Bd5 Rb5 36. Bc4 Rc5 37. Bf1 g6 38. Ra1 Kg7 39. Bd3 Rc3 40. Be4 Ne2+ 41. Kf1 Nf4 42. h4 Rc4 43. Bf3 e4 44. Bd1 Rb4 45. g3 Nd3 46. Be2 Ne5 47. Ra5 Kf6 48. Ra6+ Ke7 49. Ra7+ Kd6 50.
Ra6+ Kc5 51. Ra5+ Kd4 52. Kg2 Rb2 53. Ra4+ Kd5 54. Ra5+ Ke6 55. Ra6+ Kf5 56. Bd1 Nd3 57. g4+ Ke5 58. Ra5+ Kf4 0-1

[Event "*** Titled Tuesday 3|2 Blitz"]
[Site "Chess.com"]
[Date "2017.05.02"]
[Round "1"]
[White "ehrenfeld"]
[Black "cailinchetty"]
[Result "1-0"]
[WhiteElo "2409"]
[BlackElo "1930"]
[TimeControl "180+2"]
[EndTime "13:08:51 PDT"]
[Termination "ehrenfeld won by resignation"]

1. e4 c5 2. Nf3 Nc6 3. Bb5 g6 4. Bxc6 dxc6 5. d3 Bg7 6. h3 e5 7. Nc3 Ne7 8. Be3 Qd6 9. Qd2 Be6 10. Bh6 O-O 11. O-O f5 12. Bxg7 Kxg7 13. exf5 gxf5 14. Rae1 Ng6 15. Nxe5 Nxe5 16. Qe3 Nxd3 17. cxd3 Bd5 18.
d4 Qg6 19. Nxd5 cxd5 20. dxc5 f4 21. Qd4+ Kh6 22. Re5 Rf6 23. Rfe1 Rg8 24. Qxd5 a6 25. Re6 Rgf8 26. Rxf6 Rxf6 27. Re5 f3 28. g4 Qb1+ 29. Kh2 Qf1 30. Rh5+ Kg7 31. Qg5+ Kf7 32. Rxh7+ Ke6 33.
Qe3+ Kd5 34. Rh5+ Kc6 35. Kg3 Qg1+ 36. Kh4 Qd1 37. Qe4+ Kc7 38. Qe5+ Kc8 39. Qxf6 Kc7 40. Rh7+ Kb8 41. Qe7 Qd5 42. Qd6+ Qxd6 43. cxd6 Kc8 44. Kg5 b6 45. Kf6 b5 46. Ke6 1-0